 Dungeon Crawl Stone Soup version 0.31-a0-1074-g0b22e4e0f1 (webtiles) character file.

Game seed: 2586581845282550972

764159 Lobster4 the Englaciator (level 27, -2/202 HPs)
             Began as a Human Ice Elementalist on Dec 2, 2023.
             Was the Champion of Nemelex Xobeh.
             Killed by divine providence
             ... invoked by a royal mummy
              (13 damage)
             ... on level 1 of the Tomb of the Ancients on Dec 4, 2023.
             The game lasted 09:24:23 (93676 turns).

Lobster4 the Englaciator (Human Ice Elementalist)  Turns: 93676, Time: 09:24:24

Health: -2/202     AC: 11    Str: 12      XL:     27
Magic:  42/48      EV: 12    Int: 21 (24) God:    Nemelex Xobeh [******]
Gold:   3216       SH:  0    Dex: 16 (20) Spells: 14/68 levels left

rFire   + + +        a - staff of Tutrup {*Slow rC+ rN+ Int+3 Fire Ice}
rCold   + + +        R - +5 kite shield {reflect}
rNeg    + + +        X - +0 robe of Qymecal {Str+2 Dex+5 Archmagi}
rPois   +            Z - -2 hat of the Alchemist {rElec rPois rF+ rC+ rN+ Will+ rMut rCorr}
rElec   +            N - +2 cloak {Will+}
rCorr   +            d - +2 pair of gloves {Str+3}
SInv    +            A - +3 pair of mountain boots {steadfast, rC+}
Will    +++++        Q - amulet of Vitality {RegenMP++ Regen++}
Stlth   +++          e - ring of Attitude {rF++ rN+++ Will+ Str-4 Dex+3}
HPRegen 2.13/turn    u - ring "Voronlirr" {Wiz rC+++ rCorr Dex-4 Stlth+}
MPRegen 1.11/turn

%: slow self (1%), reflection, resist mutation, wizardry (x1), archmagi
@: about to teleport, marked, held, slowed, studying Transmutations, very slow
A: antennae 1, see invisible, clumsy 1, deterioration 1, dopey 1
}: 5/15 runes: serpentine, barnacled, slimy, silver, abyssal
a: Renounce Religion, Draw Escape, Draw Destruction, Draw Summoning, Draw Stack,
Triple Draw, Deal Four, Stack Five


You were on level 1 of the Tomb of the Ancients.
You worshipped Nemelex Xobeh.
Nemelex Xobeh was exalted by your worship.
You visited 13 branches of the dungeon, and saw 58 of its levels.
You visited the Abyss 1 time.
You visited 1 bazaar.
You also visited: Trove, Ice Cave and Desolation.

You collected 9732 gold pieces.
You spent 6516 gold pieces at shops.

Inventory:

Hand Weapons
 b - the +8 rapier of the Eternal Void {heavy, Dex+3}
   (You found it on level 9 of the Dungeon)

   Dex+3:     It affects your dexterity (+3).
Missiles
 o - 9 curare-tipped darts
 s - 7 datura-tipped darts (quivered)
 D - 6 darts of dispersal
Armour
 d - a +2 pair of gloves of strength (worn)
 A - the +3 pair of mountain boots (worn) {steadfast, rC+}
   (You found it on level 2 of the Snake Pit)

   Steadfast: It prevents involuntary movement, except for blinking,
   teleportation, or banishment.
   rC+:       It protects you from cold.
 N - a +2 cloak of willpower (worn)
 R - a +5 kite shield of reflection (worn)
 X - the +0 robe of Qymecal (worn) {Str+2 Dex+5 Archmagi}
   (You bought it in a shop on level 9 of the Dungeon)

   Str+2:     It affects your strength (+2).
   Dex+5:     It affects your dexterity (+5).
   Archmagi:  It increases the power of your magical spells.
 Z - the -2 hat of the Alchemist (worn) {rElec rPois rF+ rC+ rN+ Will+ rMut rCorr}
   (You found it on level 9 of the Dungeon)

   rF+:       It protects you from fire.
   rC+:       It protects you from cold.
   rElec:     It insulates you from electricity.
   rPois:     It protects you from poison rN+: It protects you from negative
   energy.
   Will+:     It increases your willpower.
   rCorr:     It protects you from acid and corrosion.
   rMut:      It protects you from mutation.
Magical Staves
 a - the staff of Tutrup (weapon) {*Slow rC+ rN+ Int+3 Fire Ice}
   (You found it on level 3 of the Elven Halls)

   [staff of cold]

   Base accuracy: +5 Base damage: 5 Base attack delay: 1.2 This weapon's minimum
   attack delay (0.6) is reached at skill level 12.
   Int+3:     It affects your intelligence (+3).
   rC+:       It protects you from cold.
   rN+:       It protects you from negative energy.
   *Slow:     It may slow you when you take damage.
   Fire:      It increases the power of your Fire spells.
   Ice:       It increases the power of your Ice spells.
   It falls into the 'Staves' category.
   It is a one-handed weapon.
Jewellery
 e - the ring of Attitude (left hand) {rF++ rN+++ Will+ Str-4 Dex+3}
   (You acquired it on level 4 of the Lair of Beasts)

   [ring of willpower]

   Str-4:     It affects your strength (-4).
   Dex+3:     It affects your dexterity (+3).
   rF++:      It greatly protects you from fire.
   rN+++:     It renders you almost immune to negative energy.
   Will+:     It increases your willpower.
 f - the amulet of Amaux {Reflect Str+3 Dex+3 SH+5}
   (You found it in a treasure trove)

   [amulet of reflection]

   Reflect:   It reflects blocked missile attacks.
   Str+3:     It affects your strength (+3).
   Dex+3:     It affects your dexterity (+3).
   SH+5:      It affects your SH (+5).
 p - a ring of see invisible
 u - the ring "Voronlirr" (right hand) {Wiz rC+++ rCorr Dex-4 Stlth+}
   (You found it on level 3 of the Dungeon)

   [ring of wizardry]

   Wiz:       It improves your spell success rate.
   Dex-4:     It affects your dexterity (-4).
   rC+++:     It renders you almost immune to cold.
   rCorr:     It protects you from acid and corrosion.
   Stlth+:    It makes you more stealthy.
 J - the ring "Exkil" {Fly EV+5}
   (You found it on level 5 of the Pits of Slime)

   [ring of evasion]

   EV+5:      It affects your evasion (+5).
   Fly:       It grants you flight.
 M - the ring of Muhabixty {rElec rCorr MP+9 Dex+5}
   (You found it in a treasure trove)

   [ring of resist corrosion]

   Dex+5:     It affects your dexterity (+5).
   rElec:     It insulates you from electricity.
   MP+9:      It affects your magic capacity (+9).
   rCorr:     It protects you from acid and corrosion.
 Q - the amulet of Vitality (around neck) {RegenMP++ Regen++}
   (You found it on level 3 of the Elven Halls)

   [amulet of magic regeneration]

   RegenMP:   It increases your rate of magic regeneration.
   Regen++:   It increases your rate of health regeneration.
Wands
 c - a wand of light (9)
 k - a wand of digging (22)
 n - a wand of iceblast (68)
 O - a wand of polymorph (10)
 V - a wand of mindburst (16)
Scrolls
 i - 9 scrolls of revelation
 m - 2 scrolls of enchant armour
 w - 13 scrolls of poison
 x - 31 scrolls of teleportation
 y - 3 scrolls of blinking
 B - 7 scrolls of fog
 I - 8 scrolls of fear
 P - a scroll of summoning
 S - 4 scrolls of silence
 Y - 9 scrolls of immolation
Potions
 g - 6 potions of mutation
 h - 5 potions of attraction
 j - 7 potions of heal wounds
 l - 11 potions of magic
 q - 4 potions of cancellation
 r - 26 potions of curing
 t - 8 potions of might
 z - 3 potions of berserk rage
 C - 10 potions of invisibility
 F - 11 potions of haste
 G - 7 potions of resistance
 K - 2 potions of ambrosia
 L - 8 potions of enlightenment
 U - 2 potions of brilliance
 W - 7 potions of lignification
Miscellaneous
 v - a tin of tremorstones (2/2)
 E - a phantom mirror
 H - a lightning rod (4/4)


   Skills:
 + Level 13.6 Fighting
 - Level 16.0 Short Blades
 - Level 7.0 Staves
 - Level 1.0 Throwing
 - Level 8.0 Armour
 - Level 20.0 Dodging
 - Level 2.0 Stealth
 - Level 14.0 Shields
 + Level 21.3 Spellcasting
 + Level 19.7 Conjurations
 - Level 5.0 Summonings
 - Level 3.0 Necromancy
 - Level 3.0 Translocations
 - Level 4.0 Fire Magic
 O Level 27 Ice Magic
 - Level 3.0 Air Magic
 + Level 12.6 Earth Magic
 - Level 20.0 Invocations
 - Level 4.0 Evocations


You had 14 spell levels left.
You knew the following spells:

 Your Spells              Type           Power      Damage    Failure   Level
a - Freeze                Ice            100%       1d10      0%          1
b - Ozocubu's Armour      Ice            100%       N/A       0%          3
c - Frozen Ramparts       Ice            100%       1d16      0%          3
d - Stone Arrow           Conj/Erth      100%       3d13      0%          3
e - Bombard               Conj/Erth      47%        9d8       1%          6
f - Freezing Cloud        Conj/Ice/Air   59%        6-21      1%          5
g - Summon Ice Beast      Ice/Summ       100%       N/A       1%          4
h - Ozocubu's Refrigerat  Ice            70%        4d23      1%          7
i - Hailstorm             Conj/Ice       100%       3d20      0%          3
j - Ensorcelled Hibernat  Hex/Ice        100%       N/A       1%          2
k - Blink                 Tloc           100%       N/A       1%          2
m - Metabolic Englaciati  Hex/Ice        54%        N/A       1%          5
p - Apportation           Tloc           100%       N/A       1%          1
v - Polar Vortex          Ice            70%        12d9*     2%          9

Your spell library contained the following spells:

 Spells                   Type           Power      Damage    Failure   Level
 Magic Dart               Conj           100%       1d8       0%          1
 Searing Ray              Conj           100%       2d8       0%          2
 Foxfire                  Conj/Fire      100%       2x1d9     1%          1
 Necrotise                Necr           100%       1d9       1%          1
 Shock                    Conj/Air       100%       1d9       1%          1
 Slow                     Hex            100%       N/A       1%          1
 Sting                    Tmut/Pois      100%       1d8       1%          1
 Summon Small Mammal      Summ           100%       N/A       1%          1
 Call Imp                 Summ           100%       N/A       1%          2
 Cigotuvi's Dreadful Rot  Necr/Pois/Air  92%        N/A       1%          2
 Lesser Beckoning         Tloc           100%       N/A       1%          2
 Momentum Strike          Conj/Tloc      100%       3d10      1%          2
 Passwall                 Tmut/Erth      54%        N/A       1%          2
 Poisonous Vapours        Pois/Air       84%        N/A       1%          2
 Scorch                   Fire           100%       2d9       1%          2
 Static Discharge         Conj/Air       100%       3-8/arc   1%          2
 Sublimation of Blood     Necr           51%        N/A       1%          2
 Call Canine Familiar     Summ           60%        N/A       1%          3
 Dazzling Flash           Conj/Hex       100%       N/A       1%          3
 Gell's Gravitas          Tloc           51%        N/A       1%          3
 Mephitic Cloud           Conj/Pois/Air  69%        N/A       1%          3
 Summon Guardian Golem    Hex/Summ       49%        N/A       1%          3
 Swiftness                Air            51%        N/A       1%          3
 Teleport Other           Tloc           51%        N/A       1%          3
 Vampiric Draining        Necr           51%        2d9       1%          3
 Volatile Blastmotes      Fire/Tloc      100%       2d18      1%          3
 Animate Armour           Summ/Erth      100%       N/A       1%          4
 Brom's Barrelling Bould  Conj/Erth      94%        2d10      1%          4
 Flame Wave               Conj/Fire      100%       2d21      1%          4
 Iskenderun's Mystic Bla  Conj/Tloc      81%        2d16      1%          4
 Leda's Liquefaction      Hex/Erth       32%        N/A       1%          4
 Petrify                  Tmut/Erth      65%        N/A       1%          4
 Sticky Flame             Conj/Fire      100%       2d11      1%          4
 Arcjolt                  Conj/Air       40%        1d50      1%          5
 Borgnjor's Vile Clutch   Necr/Erth      35%        N/A       1%          5
 Fireball                 Conj/Fire      52%        3d20      1%          5
 Irradiate                Conj/Tmut      38%        3d24      1%          5
 Iskenderun's Battlesphe  Conj           100%       2d15      1%          5
 Lee's Rapid Deconstruct  Erth           42%        3d21*     1%          5
 Simulacrum               Ice/Necr       56%        N/A       1%          6
 Starburst                Conj/Fire      52%        6d14      1%          6
 Orb of Destruction       Conj           51%        9d13      1%          7
 Jinxbite                 Hex            66%        N/A       2%          2
 Wereblood                Tmut           33%        N/A       2%          2
 Inner Flame              Hex/Fire       62%        N/A       2%          3
 Conjure Ball Lightning   Conj/Air       40%        3x3d13    2%          6
 Ignite Poison            Fire/Tmut/Pois 58%        N/A       3%          3
 Summon Lightning Spire   Summ/Air       56%        N/A       3%          4
 Airstrike                Air            25%        2d(4-20)  4%          4
 Animate Dead             Necr           51%        N/A       4%          4
 Passage of Golubria      Tloc           51%        N/A       4%          4
 Vhi's Electric Charge    Tloc/Air       100%       N/A       4%          4
 Confusing Touch          Hex            33%        N/A       5%          3
 Sigil of Binding         Hex            33%        N/A       5%          3
 Anguish                  Hex/Necr       21%        N/A       9%          4
 Dimensional Bullseye     Hex/Tloc       21%        N/A       9%          4
 Summon Forest            Summ/Tloc      28%        N/A       9%          5
 Spellforged Servitor     Conj/Summ      42%        N/A       9%          7
 Agony                    Necr           51%        N/A       14%         5
 Lehudib's Crystal Spear  Conj/Erth      47%        10d11     14%         8
 Cause Fear               Hex            16%        N/A       16%         4
 Olgreb's Toxic Radiance  Pois           33%        N/A       16%         4
 Summon Mana Viper        Hex/Summ       49%        N/A       16%         5
 Silence                  Hex/Air        21%        N/A       26%         5
 Summon Cactus Giant      Summ           30%        N/A       32%         6
 Alistair's Intoxication  Tmut/Pois      22%        N/A       41%         5
 Yara's Violent Unravell  Hex/Tmut       16%        3d8       41%         5
 Plasma Beam              Fire/Air       35%        2x1d48    50%         6
 Death Channel            Necr           25%        N/A       56%         6
 Monstrous Menagerie      Summ           30%        N/A       86%         7
 Summon Hydra             Summ           30%        N/A       86%         7
 Eringya's Noxious Bog    Tmut/Pois      16%        4d6       92%         6
 Haunt                    Necr/Summ      28%        N/A       93%         7
 Enfeeble                 Hex            16%        N/A       100%        7
 Borgnjor's Revivificati  Necr           25%        N/A       100%        8
 Ignition                 Fire           36%        3d11      100%        8
 Infestation              Necr           25%        N/A       100%        8
 Death's Door             Necr           25%        N/A       100%        9
 Dragon's Call            Summ           30%        N/A       100%        9


Dungeon Overview and Level Annotations

Branches:
Dungeon (15/15)            Temple (1/1) D:7            Lair (5/5) D:11
 Shoals (4/4) Lair:2        Snake (4/4) Lair:2        Slime (5/5) Lair:4
    Orc (2/2) D:12            Elf (3/3) Orc:2        Vaults (5/5) D:13
  Crypt (3/3) Vaults:2       Tomb (2/3) Crypt:3      Depths (4/4) D:15
    Zot (5/5) Depths:4      IceCv (visited)         Desolation (visited)

Altars:
Ashenzari
Cheibriados
Dithmenos
Elyvilon
Fedhas
Gozag
Hepliaklqana
Kikubaaqudgha
Makhleb
Nemelex Xobeh
Okawaru
Qazlal
Ru
Sif Muna
Trog
Uskayaw
Vehumet
Wu Jian
Xom
Yredelemnul
Zin
The Shining One
Jiyva

Shops:
D:6 =(   D:9 [   D:14 !   Orc:1 ?:(=   Orc:2 :(=?   Elf:1 ::=   Elf:2 :
Elf:3 [   Shoals:1 :   Snake:3 *[*   Vaults:3 (=

Portals:
Hell: Depths:1 Depths:2 Depths:3 Depths:4
Abyss: Depths:2 Depths:3
Pandemonium: Depths:1 Depths:2
Ziggurat: Depths:1


Innate Abilities, Weirdness & Mutations

You have a pair of small antennae on your head.
You have supernaturally acute eyesight. (SInv)
You are clumsy. (Dex -2)
Your body sometimes deteriorates upon taking damage.
You are dopey. (Int -2)


Message History

The royal mummy is moderately damaged.
The royal mummy resists.
The royal mummy is moderately damaged.
The ushabti resists.
The ushabti is almost destroyed.
The mummy priest resists.
You destroy the mummy priest!
The anaconda zombie disappears in a puff of smoke!
The phantasmal warrior disappears in a puff of smoke!
The wraith disappears in a puff of smoke!
You feel extremely nervous for a moment...
Your body is wracked with pain!
* * * LOW HITPOINT WARNING * * *
The ushabti shakes and rattles deafeningly!
The royal mummy hits you!
* * * LOW HITPOINT WARNING * * *
The royal mummy casts a spell at you. Something smites you!
* * * LOW HITPOINT WARNING * * *
The royal mummy mumbles some strange words. x2
The ushabti shakes and rattles.
The vile air hits the royal mummy. x2
The vile air hits the royal mummy but does no damage.
The vile air hits you.
* * * LOW HITPOINT WARNING * * *
Unknown command.
As you read the scroll of teleportation, it crumbles to dust.
You feel strangely unstable.
You are engulfed in dark miasma.
You feel as though you will be slow longer.
* * * LOW HITPOINT WARNING * * *
The winds around you calm down.
The death scarab waves its antennae.
The royal mummy barely misses you. x2; The royal mummy completely misses you.
The royal mummy calls on the powers of darkness!
The emperor scorpion convulses! x3; Your body is wracked with pain!
* * * LOW HITPOINT WARNING * * *
The royal mummy gestures at you while chanting.
Something smites you!
You die...
Your body glows with a rainbow of weird colours and disappears.

....#
#....#..#..#...........#.
....#
#....#..#..#..8.....8..#.
....#
#....#.....#...........#.
....#
#....#.....#.....).....#.
....#
##############.......####
....# ##'''''## ....#
#.......# ....# ####
#.8...8.# ....# #M@#
#.......# ....# ....BsMM#
#.......# ....# #..MssM##
#.8...8.# ....# ..^##.M
#.......# ....# .. #.9
#.......# ....# # .^.
#.8...8.# ....# ....
#.......# ....# #..#.
#.......# ....# #.8...8.#


You could see 6 royal mummies, 3 emperor scorpions, an ushabti and a death
scarab (summoned).

Vanquished Creatures
  Dissolution (Slime:3)
  the Royal Jelly (Slime:5)
  7 dread liches
  4 orbs of fire (Zot:5)
  7 ancient liches
  Mara (Vaults:3)
  A juggernaut (Depths:3)
  6 royal mummies
  The ghost of dialectric the Impregnable, a veteran MiFi of Jiyva (Zot:5)
  Boris (Vaults:5)
  Sojobo (Depths:3)
  Frederick (Vaults:5)
  5 Killer Klowns
  6 curse toes
  Saint Roka (Vaults:1)
  4 caustic shrikes (Depths:3)
  The ghost of Harhicoo the Slayer, an adept MiBe of Trog (Vaults:1)
  15 golden dragons
  Nikola (Snake:1)
  3 bone dragons
  2 iron giants
  19 tentacled monstrosities
  5 electric golems
  Jorgrun (Shoals:1)
  A walking earthen tome (Depths:3)
  Rupert (D:14)
  5 liches
  Asterion (Vaults:1)
  3 titans
  A walking divine tome (Depths:4)
  25 Orb Guardians (Zot:5)
  3 walking frostbound tomes
  2 deep elf master archers (Elf:3)
  2 deep elf blademasters
  5 quicksilver dragons
  5 sphinxes
  3 ancient champions
  22 acid blobs
  8 death cobs
  3 tentacled starspawn (Abyss:4)
  The ghost of gribnar the Fencer, an adept DsGl of Wu Jian (Elf:2)
  Agnes (Snake:1)
  A kraken (Shoals:2)
  The ghost of Antoec the Unseen, an adept VSBr of Sif Muna (Vaults:1)
  Roxanne (Snake:1)
  Kirke (D:12)
  9 draconian monks
  13 shadow dragons
  15 storm dragons
  4 revenants
  8 azure jellies
  14 frost giants
  11 tengu reavers
  A fenstrider witch (shapeshifter) (Vaults:5)
  4 draconian knights
  11 rockslimes
  Aizul (Crypt:1)
  13 nagarajas
  10 fire giants
  3 deep elf sorcerers
  An iron dragon (Depths:1)
  A curse skull (Crypt:2)
  4 imperial myrmidons
  2 deep elf elementalists (Elf:3)
  4 draconian shifters
  19 vault wardens
  4 draconian scorchers
  4 draconian stormcallers
  An orc warlord (Vaults:3)
  Louise (Snake:1)
  2 ghost moths
  3 ghouls
  A reaper (Crypt:2)
  17 ironbound preservers
  9 quicksilver oozes
  7 war gargoyles
  5 formless jellyfish
  3 draconian annihilators
  27 very ugly things
  A spriggan defender (Depths:3)
  17 stone giants
  A caustic shrike skeleton (Depths:1)
  13 green draconians
  6 bennus (Tomb:1)
  6 ironbound thunderhulks
  5 deep elf demonologists (Elf:3)
  15 deep elf annihilators
  A minotaur (Lair:5)
  24 black draconians
  13 red draconians
  7 vampire knights
  11 white draconians
  15 yellow draconians
  A lorocyproca (Abyss:4)
  9 spark wasps
  Azrael (D:11)
  3 dire elephants
  9 purple draconians
  An iron golem (Depths:2)
  12 deep elf death magi
  21 ettins
  12 mummy priests
  2 eidola
  A green death (Depths:1)
  7 yaktaur captains
  6 merfolk impalers
  3 fire dragons
  4 crystal guardians
  6 deep elf high priests
  7 rakshasas
  6 jiangshi
  2 entropy weavers
  33 vault guards
  A spriggan zombie (Crypt:2)
  13 great orbs of eyes
  A merfolk javelineer (Shoals:3)
  Fannar (D:10)
  3 servants of whispers (Desolation)
  2 spriggan skeletons
  A fenstrider witch zombie (Crypt:3)
  3 salamander tyrants
  An ogre mage (Vaults:5)
  4 catoblepae
  2 hydras (Lair:3)
  4 peacekeepers
  An alligator snapping turtle (Elf:2)
  18 centaur warriors
  7 ice dragons
  A boulder beetle (Vaults:1)
  8 merfolk aquamancers
  10 ironbound frosthearts
  The ghost of odbg100 the Cleaver, a novice MiFi of Okawaru (D:9)
  The ghost of Jeffwins the Grappler, a novice TrSh (D:9)
  4 merfolk avatars
  2 spriggan air magi (Depths:1)
  Erica (D:10)
  4 anacondas
  36 dancing weapons
  3 satyrs
  4 two-headed ogres
  3 death knights
  42 death scarabs
  6 deep troll earth magi
  10 naga warriors
  5 tengu warriors
  10 vampire magi
  9 death yaks
  8 deep troll shamans
  An orc high priest (Elf:3)
  3 thrashing horrors
  10 shock serpents
  2 titan zombies (Crypt:3)
  14 hell knights
  2 soul eaters
  15 naga sharpshooters
  28 deep elf knights
  2 spriggan berserkers
  11 iron trolls
  24 skeletal warriors
  An emperor scorpion zombie (Crypt:2)
  2 spatial maelstroms (Abyss:4)
  3 sixfirhies
  A storm dragon zombie (Crypt:3)
  3 sun demons
  A shadow wraith (Crypt:2)
  7 skysharks
  42 deep trolls
  10 sea snakes
  2 wretched stars (Abyss:4)
  6 salamander mystics
  24 deep elf archers
  3 naga ritualists
  6 glowing orange brains
  3 orange crystal statues
  A shadow dragon zombie (Crypt:2)
  3 flayed ghosts
  10 arcanists
  A death drake (Orc:2)
  11 phantasmal warriors
  An iron giant zombie (Crypt:2)
  An obsidian statue (D:9)
  A harpy (shapeshifter) (D:14)
  12 necromancers
  23 deep elf pyromancers
  18 ironbound convokers
  3 orc knights
  A golden dragon skeleton (Crypt:3)
  6 lindwurms
  30 deep elf zephyrmancers
  2 oklob plants (Shoals:3)
  4 mana vipers
  A stone giant zombie (Crypt:3)
  A wolf spider (D:15)
  37 harpies
  A frost giant zombie (Crypt:2)
  13 fauns
  50 ugly things
  2 worldbinders (Abyss:4)
  11 orc sorcerers
  20 manticores
  7 cyclopes
  12 salamanders
  9 shining eyes
  42 moths of wrath
  16 large abominations
  23 black mambas
  2 eyes of devastation
  A dire elephant zombie (Crypt:2)
  A frost giant skeleton (Depths:1)
  10 guardian serpents
  13 naga magi
  5 smoke demons (Abyss:4)
  7 water nymphs
  8 merfolk sirens
  5 elephants
  2 centaur zombies
  A molten gargoyle (Desolation)
  15 vault sentinels
  3 ice statues (IceCv)
  Joseph (D:9)
  A centaur skeleton (Crypt:1)
  A gargoyle (D:12)
  A dire elephant skeleton (Crypt:3)
  7 cane toads
  Jeremiah (D:8)
  2 unseen horrors
  2 rime drakes (Lair:3)
  A swamp worm zombie (Crypt:1)
  7 komodo dragons
  A komodo dragon (shapeshifter) (Depths:4)
  8 freezing wraiths
  An alligator snapping turtle skeleton (Crypt:1)
  36 yaktaurs
  4 tengu conjurers
  An efreet (D:14)
  2 ice devils (Orc:1)
  6 ancient zymes
  19 guardian mummies
  A purple draconian skeleton (Crypt:1)
  2 harpy zombies
  3 polar bears
  2 hydra zombies
  4 trolls
  A silent spectre (Abyss:4)
  7 raiju
  A queen bee (Lair:3)
  4 wind drakes
  29 merfolk
  34 saltlings (Desolation)
  A harpy skeleton (Crypt:3)
  A hydra skeleton (Crypt:3)
  A hellwing (Abyss:4)
  4 glass eyes
  A blink frog (shapeshifter) (Depths:3)
  12 blink frogs
  5 dream sheep
  A centaur simulacrum (D:14)
  4 ettin skeletons
  An ice dragon skeleton (Crypt:1)
  A merfolk skeleton (Crypt:1)
  97 slime creatures
  8 snapping turtles
  2 shadows
  2 air elementals (Elf:1)
  6 wyverns
  54 flying skulls
  3 ynoxinuls (Abyss:4)
  14 water elementals
  4 wraiths
  Sigmund (D:2)
  A basilisk (shapeshifter) (D:11)
  4 vampires
  9 golden eyes
  3 fire bats (Abyss:4)
  40 yaks
  3 ushabtiu
  4 hogs
  An unseen horror simulacrum (D:10)
  A black mamba skeleton (Crypt:3)
  21 starcursed masses (Abyss:4)
  4 vampire mosquitoes
  9 basilisks
  Grum (D:8)
  6 chaos spawn
  8 fire elementals
  2 steam dragons
  5 wargs
  2 glowing shapeshifter zombies (Depths:1)
  A spatial vortex (Abyss:4)
  2 neqoxecs (Abyss:4)
  39 nagas
  3 acid dragons
  8 water moccasins
  A great orb of eyes simulacrum (IceCv)
  6 hell hounds
  A meliai simulacrum (D:10)
  23 orc warriors
  4 ice beasts
  3 black bears
  A manticore zombie (Crypt:1)
  4 sky beasts
  6 ogres
  21 wolves
  13 centaurs
  A swamp dragon skeleton (Crypt:1)
  A slime creature simulacrum (IceCv)
  3 kobold brigands
  3 earth elementals
  12 small abominations
  9 bullfrogs
  2 necrophages
  A gnoll sergeant (D:6)
  2 scorpions
  A glowing shapeshifter simulacrum (IceCv)
  A wyvern skeleton (Crypt:1)
  7 wights
  14 killer bees
  8 howler monkeys
  A hound (D:7)
  2 quasits (D:5)
  An iron imp (Abyss:4)
  13 orc priests
  A gnoll bouda (D:7)
  A jelly (D:8)
  2 iguanas (D:6)
  28 orc wizards
  21 hell rats
  5 lightning spires (Zot:4)
  A shapeshifter simulacrum (IceCv)
  An ogre zombie (Crypt:1)
  An acid dragon skeleton (Crypt:2)
  3 naga skeletons
  33 mummies
  8 gnolls
  7 adders
  2 shadow imps (D:6)
  8 white imps
  5 ufetubi
  A lava snake zombie (Crypt:1)
  A worm (D:5)
  63 orcs
  5 ball pythons
  5 bats
  6 endoplasms
  4 giant cockroaches
  3 goblins
  5 hobgoblins
  4 jackals (D:1)
  15 kobolds
  A quokka (D:3)
  2 ball python skeletons
  A frilled lizard (D:3)
  2 rats
  A rat skeleton (Crypt:2)
  2 tentacles (Shoals:2)
2609 creatures vanquished.

Vanquished Creatures (collateral kills)
  A hellephant (Depths:3)
  A titan (Vaults:5)
  2 deep elf blademasters
  A deep elf master archer (Elf:3)
  An acid blob (Slime:1)
  Polyphemus (Shoals:3)
  A fire giant (Depths:2)
  The ghost of Xuar the Eclecticist, an adept DjHW of Makhleb (Snake:2)
  An azure jelly (IceCv)
  2 deep elf sorcerers (Elf:3)
  An imperial myrmidon (Desolation)
  3 vault wardens
  3 ironbound preservers
  2 quicksilver oozes (IceCv)
  A formless jellyfish (Vaults:3)
  3 stone giants
  3 ironbound thunderhulks (Vaults:1)
  2 deep elf annihilators
  A vampire knight (Crypt:1)
  A deep elf demonologist (Elf:3)
  An ettin (Abyss:4)
  A green death (Abyss:4)
  3 deep elf death magi (Elf:3)
  Snorg (D:10)
  A merfolk javelineer (Shoals:4)
  2 deep elf high priests (Elf:3)
  A jiangshi (Depths:2)
  A yaktaur captain (Vaults:1)
  A merfolk impaler (Shoals:2)
  4 ragged hierophants (Desolation)
  Harold (Orc:1)
  2 hydras (Lair:4)
  A rakshasa (Depths:2)
  3 servants of whispers (Desolation)
  An ice dragon (Depths:1)
  An ogre mage (Orc:2)
  2 anacondas (Snake:2)
  A catoblepas (Lair:5)
  2 centaur warriors
  An ironbound frostheart (Vaults:3)
  2 death yaks
  3 peacekeepers (Desolation)
  5 dancing weapons
  2 boulder beetles
  A deep troll shaman (Depths:4)
  4 naga warriors
  2 thrashing horrors (Abyss:4)
  An orc high priest (Orc:1)
  A shock serpent (Snake:4)
  2 deep elf knights (Elf:2)
  A skeletal warrior (D:15)
  A skyshark (Lair:2)
  6 sea snakes
  5 deep elf archers
  5 deep trolls
  A naga ritualist (Snake:2)
  2 ironbound convokers
  4 harpies
  4 deep elf zephyrmancers
  An obsidian statue (D:15)
  A steelbarb worm (Lair:4)
  A lindwurm (Vaults:1)
  An orc knight (Orc:2)
  2 phantasmal warriors
  An oklob plant (Lair:5)
  9 deep elf pyromancers
  3 manticores
  A mana viper (Snake:3)
  A faun (Shoals:1)
  3 cyclopes
  A wolf spider zombie (D:13)
  4 ugly things
  2 large abominations
  A merfolk siren (Shoals:1)
  A torpor snail (shapeshifter) (Depths:2)
  3 naga magi (Snake:2)
  A water nymph (Shoals:4)
  An elephant (Lair:4)
  7 black mambas
  A molten gargoyle (Desolation)
  8 cane toads
  Maggie (Lair:1)
  2 vault sentinels (Vaults:1)
  3 yaktaurs
  5 rime drakes
  A komodo dragon (Lair:5)
  An ice devil (Abyss:4)
  4 merfolk
  4 trolls
  A wolf spider simulacrum (D:14)
  17 saltlings (Desolation)
  A hornet (Lair:1)
  A wind drake (Shoals:4)
  3 blink frogs
  A centaur simulacrum (D:10)
  A spectral black mamba (Snake:2)
  24 slime creatures
  2 vampires
  2 wraiths
  22 yaks
  4 water elementals
  4 air elementals
  3 wyverns
  2 fire elementals
  3 hogs (D:12)
  5 spectral nagas (Snake:2)
  4 basilisks
  4 nagas (Snake:4)
  5 wargs
  2 great orb of eyes simulacra (IceCv)
  6 water moccasins
  4 hell hounds (Abyss:4)
  9 orc warriors
  A black bear (Lair:3)
  2 black mamba simulacra (Snake:2)
  3 ogres
  A centaur (D:14)
  7 wolves
  2 slime creature simulacra (IceCv)
  6 bullfrogs
  A necrophage (Crypt:1)
  2 glowing shapeshifter simulacra (IceCv)
  6 killer bees (Lair:3)
  A naga simulacrum (Snake:2)
  A quasit (D:5)
  3 orc priests
  6 orc wizards
  4 hell rats
  4 shapeshifter simulacra (IceCv)
  A white imp (D:10)
  20 orcs
391 creatures vanquished.

Vanquished Creatures (others)
  The ghost of Gozikhly the Spry, an adept DgIE (Depths:1)
  A lich (Vaults:1)
  An eldritch tentacle (Depths:1)
  A draconian monk (Zot:4)
  A draconian shifter (Zot:4)
  A war gargoyle (Vaults:5)
  2 black draconians (Zot:4)
  A spark wasp (Zot:4)
  An ice dragon (Depths:3)
  A sixfirhy (Abyss:4)
  2 deep elf zephyrmancers
  A manticore (Shoals:4)
  A raiju (Zot:4)
  A water elemental (Elf:1)
  A small abomination (Abyss:4)
  An ogre (Vaults:5)
  2 orc wizards (Orc:2)
  A white imp (D:10)
  3 orcs
  5 ball lightnings (Zot:4)
  5 starspawn tentacles (Abyss:4)
  2 tentacles (Shoals:2)
36 creatures vanquished.

Grand Total: 3036 creatures vanquished

Notes
Turn   | Place    | Note
-------+----------+-------------------------------------------
     0 | D:1      | Lobster4 the Human Ice Elementalist began the quest for the
                  | Orb.
     0 | D:1      | Reached XP level 1. HP: 13/13 MP: 3/3
   344 | D:1      | Reached XP level 2. HP: 9/20 MP: 3/5
  1029 | D:2      | Noticed Sigmund
  1209 | D:2      | Reached skill level 1 in Fighting
  1209 | D:2      | Reached skill level 1 in Armour
  1209 | D:2      | Reached XP level 3. HP: 9/26 MP: 3/6
  1435 | D:2      | Learned a level 3 spell: Frozen Ramparts
  1786 | D:2      | Killed Sigmund
  1787 | D:2      | Reached skill level 5 in Ice Magic
  1787 | D:2      | Reached XP level 4. HP: 33/33 MP: 1/8
  1787 | D:2      | Reached XP level 5. HP: 38/38 MP: 1/9
  2476 | D:3      | Identified the ring "Voronlirr" {Wiz rC+++ rCorr Dex-4
                  | Stlth+}
  2523 | D:3      | Reached XP level 6. HP: 44/44 MP: 8/10
  2564 | D:3      | Learned a level 3 spell: Ozocubu's Armour
  3317 | D:4      | Noticed an ogre
  3489 | D:4      | Killed an ogre
  3782 | D:5      | Entered Level 5 of the Dungeon
  3829 | D:5      | Reached skill level 6 in Ice Magic
  4029 | D:5      | Noticed an ice beast
  4072 | D:5      | Reached XP level 7. HP: 45/50 MP: 5/12
  4123 | D:5      | Reached skill level 1 in Evocations
  4417 | D:5      | Found an ancient bone altar of Kikubaaqudgha.
  4475 | D:5      | Found a glowing silver altar of Zin.
  4787 | D:6      | Reached skill level 7 in Ice Magic
  4787 | D:6      | Reached XP level 8. HP: 27/56 MP: 7/14
  5148 | D:6      | Found Tora's Antique Weapon Shop.
  5152 | D:6      | Bought a crystal rapier for 189 gold pieces
  5152 | D:6      | Identified the +2 rapier of the Modern Nightmares {flame,
                  | rF+} (You bought it in a shop on level 6 of the Dungeon)
  5376 | D:6      | Found Arrit's Jewellery Shop.
  5680 | D:6      | Reached skill level 1 in Short Blades
  5686 | D:6      | Reached skill level 8 in Ice Magic
  5708 | D:6      | Identified the +1 quarterstaff of the Wolf {heavy, rC+}
  5934 | D:7      | Reached XP level 9. HP: 60/62 MP: 9/16
  6138 | D:7      | Found a staircase to the Ecumenical Temple.
  6167 | D:7      | Reached skill level 5 in Spellcasting
  6198 | D:7      | Learned a level 4 spell: Summon Ice Beast
  6202 | Temple   | Entered the Ecumenical Temple
  6792 | D:8      | Reached skill level 9 in Ice Magic
  6869 | D:8      | Noticed Grum
  7034 | D:8      | Killed Grum
  7251 | D:8      | Reached skill level 10 in Ice Magic
  7251 | D:8      | Reached XP level 10. HP: 62/70 MP: 6/17
  7430 | D:8      | Reached skill level 5 in Short Blades
  7489 | D:8      | Identified the +11 war axe "Quefuuh" {heavy, Contam Int+2
                  | Dex+3}
  7673 | D:8      | Found a sparkling altar of Nemelex Xobeh.
  7678 | D:8      | Found an iron altar of Okawaru.
  7685 | D:8      | Became a worshipper of Nemelex Xobeh the Trickster
  7694 | D:8      | Found a radiant altar of Vehumet.
  7895 | D:8      | Reached skill level 11 in Ice Magic
  7895 | D:8      | Reached skill level 1 in Invocations
  7982 | D:8      | Noticed Jeremiah
  7994 | D:8      | Killed Jeremiah
  8084 | D:8      | You are sucked into a shaft and drop 1 floor!
  8094 | D:9      | Noticed an obsidian statue
  8239 | D:9      | Found a runed translucent gate.
  8240 | D:9      | Found a runed translucent gate.
  8241 | D:9      | Found a runed translucent gate.
  8243 | D:9      | Noticed odbg100's ghost (novice MiFi)
  8244 | D:9      | Noticed Jeffwins's ghost (novice TrSh)
  8432 | D:9      | Reached skill level 12 in Ice Magic
  8454 | D:9      | Reached * piety under Nemelex Xobeh
  8569 | D:9      | Noticed Joseph
  8582 | D:9      | Killed Joseph
  8684 | D:9      | Received a gift from Nemelex Xobeh
  8777 | D:9      | Found a stormy altar of Qazlal.
  8947 | D:9      | Found Icadil's Antique Armour Emporium.
  8950 | D:9      | Bought a polished robe for 216 gold pieces
  8950 | D:9      | Identified the +0 robe of Qymecal {Str+2 Dex+5 Archmagi}
                  | (You bought it in a shop on level 9 of the Dungeon)
  9007 | D:9      | Reached XP level 11. HP: 63/75 MP: 11/18
  9056 | D:9      | Found the -2 hat of the Alchemist {rElec rPois rF+ rC+ rN+
                  | Will+ rMut rCorr}
  9358 | D:10     | Entered Level 10 of the Dungeon
  9361 | D:10     | Found a blossoming altar of Fedhas.
  9389 | D:10     | Noticed Snorg
  9404 | D:10     | Learned a level 3 spell: Stone Arrow
  9484 | D:10     | Reached skill level 13 in Ice Magic
  9518 | D:10     | Killed Snorg
  9729 | D:10     | Reached skill level 14 in Ice Magic
  9777 | D:10     | Noticed Fannar
  9838 | D:10     | Killed Fannar
  9839 | D:10     | Reached skill level 1 in Throwing
  9973 | D:10     | Noticed Erica
 10024 | D:9      | Identified the ring "Oggaigh" {AC+4 Dex+2}
 10249 | D:10     | Received a gift from Nemelex Xobeh
 10255 | D:10     | Noticed a catoblepas
 10256 | D:10     | Killed Erica
 10345 | D:10     | Killed a catoblepas
 10432 | D:10     | Reached ** piety under Nemelex Xobeh
 10819 | D:10     | Found a hazy altar of Hepliaklqana.
 11214 | D:11     | Found a staircase to the Lair.
 11367 | D:11     | Noticed a manticore
 11385 | D:11     | Killed a manticore
 11386 | D:11     | Reached skill level 1 in Conjurations
 11386 | D:11     | Reached XP level 12. HP: 79/81 MP: 6/19
 11395 | D:11     | Reached skill level 15 in Ice Magic
 11395 | D:11     | Reached skill level 1 in Earth Magic
 11620 | D:11     | Noticed a two-headed ogre
 11628 | D:11     | Killed a two-headed ogre
 11726 | D:11     | Noticed a two-headed ogre
 11737 | D:11     | Killed a two-headed ogre
 11901 | D:11     | Noticed a two-headed ogre
 11918 | D:11     | Killed a two-headed ogre
 12217 | D:11     | Received a gift from Nemelex Xobeh
 12223 | D:11     | Reached skill level 5 in Dodging
 12431 | D:12     | Found a staircase to the Orcish Mines.
 12594 | D:12     | Noticed a boulder beetle
 12599 | D:12     | Noticed Azrael
 12638 | Lair:1   | Entered Level 1 of the Lair of Beasts
 12983 | Lair:1   | Reached *** piety under Nemelex Xobeh
 13406 | D:11     | Reached skill level 5 in Fighting
 13517 | Lair:1   | Noticed Maggie
 13524 | Lair:1   | Reached XP level 13. HP: 89/91 MP: 13/20
 13527 | Lair:1   | Killed Maggie
 13874 | Lair:1   | Received a gift from Nemelex Xobeh
 14410 | Lair:2   | Reached skill level 16 in Ice Magic
 14645 | Lair:2   | Found a staircase to the Snake Pit.
 14955 | Lair:2   | Reached skill level 1 in Staves
 15015 | Lair:2   | Reached skill level 5 in Invocations
 15136 | Lair:2   | Reached **** piety under Nemelex Xobeh
 15772 | Lair:2   | Found a staircase to the Shoals.
 16305 | Lair:3   | Noticed a four-headed hydra
 16344 | Lair:3   | Killed a four-headed hydra
 16507 | Lair:3   | Identified the +5 plate armour of the Candlemaker {Int+3}
 16557 | Lair:3   | Received a gift from Nemelex Xobeh
 16653 | Lair:3   | Reached skill level 5 in Conjurations
 16665 | Lair:3   | Noticed a seven-headed hydra
 16672 | Lair:3   | Killed a seven-headed hydra
 17056 | Lair:3   | Reached XP level 14. HP: 98/98 MP: 16/23
 17088 | Lair:3   | Reached skill level 1 in Summonings
 17723 | Lair:4   | Received a gift from Nemelex Xobeh
 17724 | Lair:4   | You fall into a shaft and drop 1 floor!
 17724 | Lair:5   | Entered Level 5 of the Lair of Beasts
 17724 | Lair:5   | Reached ***** piety under Nemelex Xobeh
 18081 | Lair:4   | Identified a scroll of acquirement
 18417 | Lair:4   | Got Gosh's Quarto of the Nocuous Blink Frog
 18564 | Lair:4   | Reached skill level 17 in Ice Magic
 18633 | Lair:4   | Reached skill level 5 in Armour
 18790 | Lair:4   | Received a gift from Nemelex Xobeh
 19149 | Lair:4   | Found a viscous altar of Jiyva.
 19159 | Lair:4   | Found a staircase to the Slime Pits.
 19780 | D:6      | Bought the amulet "Nalobb" {RegenMP rC+ Str+3} for 603 gold
                  | pieces
 20322 | Lair:5   | a catoblepas changed into a minotaur
 20322 | Lair:5   | Noticed a minotaur
 20330 | Lair:5   | Killed a minotaur
 20833 | Lair:5   | Reached XP level 15. HP: 44/103 MP: 18/25
 22898 | D:12     | Noticed Kirke
 22921 | D:12     | Killed Kirke
 22922 | D:12     | Reached skill level 5 in Summonings
 23112 | D:11     | Killed Azrael
 23113 | D:11     | Reached skill level 18 in Ice Magic
 23377 | D:12     | Learned a level 2 spell: Blink
 23898 | Orc:1    | Entered Level 1 of the Orcish Mines
 23898 | Orc:1    | Found Moifiokusm's Magic Scroll Boutique.
 23899 | Orc:1    | Found Tuhuamy's Book Shop.
 23899 | Orc:1    | Received a gift from Nemelex Xobeh
 23908 | Orc:1    | Noticed Harold
 23924 | Orc:1    | Killed Harold
 23967 | Orc:1    | Bought a scroll of identify for 30 gold pieces
 23967 | Orc:1    | Bought a scroll of identify for 30 gold pieces
 23967 | Orc:1    | Bought a scroll of identify for 30 gold pieces
 23967 | Orc:1    | Bought a scroll of identify for 30 gold pieces
 23967 | Orc:1    | Bought a scroll of identify for 30 gold pieces
 23980 | Orc:1    | Found Goargh's Weapon Shoppe.
 23990 | Orc:1    | Found Uduecvy's Jewellery Boutique.
 24171 | Orc:1    | Found a frozen archway.
 24213 | Orc:1    | Reached skill level 1 in Translocations
 24320 | IceCv    | Entered an ice cave
 24412 | IceCv    | Noticed a quicksilver ooze
 24422 | IceCv    | Killed a quicksilver ooze
 25320 | IceCv    | Noticed a quicksilver ooze
 25341 | IceCv    | Killed a quicksilver ooze
 25805 | IceCv    | Found a viscous altar of Jiyva.
 25805 | IceCv    | Noticed an azure jelly
 25826 | IceCv    | Killed an azure jelly
 25908 | IceCv    | Identified the +0 leather armour of Muev {rElec rN+ Str+2}
 26014 | Orc:1    | Learned a level 2 spell: Ensorcelled Hibernation
 26195 | Orc:1    | Received a gift from Nemelex Xobeh
 26293 | Orc:1    | Reached XP level 16. HP: 111/111 MP: 15/26
 26683 | Orc:2    | Entered Level 2 of the Orcish Mines
 26904 | Orc:2    | Received a gift from Nemelex Xobeh
 27074 | Orc:2    | Found a staircase to the Elven Halls.
 27671 | Orc:2    | Found Vaqiajask's Magic Scroll Shop.
 27679 | Orc:2    | Bought a scroll of identify for 32 gold pieces
 27680 | Orc:2    | Acquired the ring of Attitude {rF++ rN+++ Will+ Str-4
                  | Dex+3}
 27682 | Orc:2    | Acquired 385 gold pieces
 27838 | Orc:2    | Found an ancient bone altar of Kikubaaqudgha.
 27905 | Orc:2    | Paralysed by something for 3 turns
 27941 | Orc:2    | Found a radiant altar of Vehumet.
 28052 | Orc:2    | Found Xoololuq's Book Shop.
 28063 | Orc:2    | Found Omusit's Antique Weapon Shop.
 28068 | Orc:2    | Found Azxuener's Jewellery Boutique.
 28108 | Orc:2    | Bought a book of Party Tricks for 308 gold pieces
 28108 | Orc:2    | Bought a book of Frost for 280 gold pieces
 28110 | Orc:2    | Learned a level 1 spell: Apportation
 28114 | Orc:2    | Learned a level 3 spell: Hailstorm
 28121 | Orc:2    | Bought a steaming falchion for 240 gold pieces
 28121 | Orc:2    | Identified the +3 falchion of Vaff {freeze, rPois} (You
                  | bought it in a shop on level 2 of the Orcish Mines)
 28387 | D:9      | Identified the +8 rapier of the Eternal Void {heavy, Dex+3}
 28500 | D:9      | Killed Jeffwins's ghost
 28504 | D:9      | Killed odbg100's ghost
 28693 | Elf:1    | Entered Level 1 of the Elven Halls
 28914 | Elf:1    | Found a crumbling gateway.
 29204 | Desolati | Entered the Desolation of Salt
 29392 | Desolati | HP: 5/115 [ragged hierophant/a resonance strike (19)]
 29395 | Desolati | HP: 2/115 [ragged hierophant/a resonance strike (15)]
 29493 | Desolati | Reached skill level 10 in Dodging
 29493 | Desolati | Reached skill level 19 in Ice Magic
 29669 | Desolati | HP: 3/115 [saltling (13)]
 30379 | Desolati | Reached XP level 17. HP: 116/120 MP: 6/29
 30441 | Desolati | Reached skill level 10 in Invocations
 31045 | Desolati | Identified the +1 cloak of the Lily {Will+}
 31066 | Desolati | Identified the +4 scimitar "Cog Net" {vamp, rC+ Dex+3}
 31126 | Desolati | Got the Discursus on Leaden Hexes
 31138 | Desolati | Learned a level 5 spell: Metabolic Englaciation
 31823 | Desolati | Reached ****** piety under Nemelex Xobeh
 31823 | Desolati | Received a gift from Nemelex Xobeh
 31832 | Desolati | Identified the amulet of the Worm {Reflect rPois SH+5}
 32022 | Desolati | Got the Octavo of Vapourous Arcane Combat
 32023 | Desolati | Identified the +4 short sword "Itwiu" {flame, Int+3}
 33546 | Elf:1    | Received a gift from Nemelex Xobeh
 33675 | Elf:1    | Found Feodea's Book Boutique.
 33676 | Elf:1    | Found Fapluzaman's Jewellery Shoppe.
 33678 | Elf:1    | Found Heocs's Book Boutique.
 33692 | Elf:1    | Bought a book of Vapours for 286 gold pieces
 33698 | Elf:1    | Learned a level 5 spell: Freezing Cloud
 34392 | Elf:1    | Reached skill level 1 in Air Magic
 34566 | Elf:1    | Reached XP level 18. HP: 122/131 MP: 16/31
 34843 | D:9      | Bought a pair of embroidered gloves for 285 gold pieces
 34903 | Orc:1    | Bought a scroll of teleportation for 45 gold pieces
 35035 | Orc:2    | Bought a scroll of teleportation for 48 gold pieces
 35035 | Orc:2    | Bought a scroll of teleportation for 48 gold pieces
 35035 | Orc:2    | Bought a scroll of poison for 64 gold pieces
 35035 | Orc:2    | Bought a scroll of poison for 64 gold pieces
 35035 | Orc:2    | Bought a scroll of teleportation for 48 gold pieces
 35370 | Elf:2    | Reached skill level 20 in Ice Magic
 35397 | Elf:2    | Identified the +5 plate armour of the Chimera {*Corrode
                  | rPois Dex+3 Slay+3}
 35681 | Elf:2    | Found Zodo's Book Shop.
 35704 | Elf:2    | Received a gift from Nemelex Xobeh
 36698 | Elf:2    | Reached skill level 10 in Short Blades
 36844 | Elf:2    | Found a huge runed translucent gate.
 36844 | Elf:2    | Found a huge runed translucent gate.
 36845 | Elf:2    | Found a huge runed translucent gate.
 36845 | Elf:2    | Found a huge runed translucent gate.
 36846 | Elf:2    | Found a huge runed translucent gate.
 36893 | Elf:2    | Noticed a deep elf blademaster
 36901 | Elf:2    | Found a transporter.
 36902 | Elf:2    | Noticed a deep elf blademaster
 36903 | Elf:2    | Found a bloodstained altar of Trog.
 36903 | Elf:2    | Noticed a deep elf blademaster
 36903 | Elf:2    | Noticed gribnar's ghost (adept DsGl)
 36910 | Elf:2    | Found a transporter.
 37080 | Elf:3    | Entered Level 3 of the Elven Halls
 37108 | Elf:3    | Found Eptie's Antique Armour Boutique.
 37879 | Elf:3    | Received a gift from Nemelex Xobeh
 38610 | Orc:1    | Bought a scroll of fog for 60 gold pieces
 39077 | Elf:3    | Reached skill level 1 in Necromancy
 39081 | Elf:3    | Noticed a deep elf master archer
 39087 | Elf:3    | Killed a deep elf master archer
 39099 | Elf:3    | Reached XP level 19. HP: 137/138 MP: 13/32
 39458 | Elf:3    | Reached skill level 10 in Spellcasting
 39460 | Elf:3    | Noticed a deep elf blademaster
 39477 | Elf:3    | Killed a deep elf blademaster
 39662 | Elf:3    | Noticed a Brimstone Fiend
 39888 | Elf:3    | Noticed a Brimstone Fiend
 40660 | Elf:3    | Identified the +9 scimitar "Qeladomp" {venom, Drain rPois
                  | rN+++ Stlth-}
 40665 | Elf:3    | Reached skill level 10 in Fighting
 40854 | Elf:3    | Noticed a deep elf blademaster
 41000 | Elf:3    | Killed a deep elf blademaster
 41038 | Elf:3    | Identified the ring "Fogeczaf" {rF+ rCorr Int+2}
 41190 | Elf:3    | Found the +10 Black Knight's barding {ponderous, rPois rN+}
 41191 | Elf:3    | Found the amulet of Vitality {RegenMP++ Regen++}
 41207 | Elf:3    | Reached skill level 21 in Ice Magic
 41247 | Elf:3    | Identified the +2 pair of boots "Myimeul" {Int+4 Dex+3}
 41279 | Elf:3    | Identified the +2 short sword of Divoblow {vamp, rElec rF-
                  | Str+2}
 41283 | Elf:3    | Identified the staff of the Median {rElec rPois rC+ Poison}
 41329 | Elf:3    | Identified the staff of Tutrup {*Slow rC+ rN+ Int+3 Fire
                  | Ice}
 41336 | Elf:3    | Identified the +5 sling of Fury {freeze, rPois rF+ Stlth+}
 41341 | Elf:3    | Got the Guide on the Wayfarer and the Xenolith
 41344 | Elf:3    | Identified the ring "Baipp" {rElec rF+ Will- rCorr}
 41346 | Elf:3    | Identified the ring of Ubakkue {Wiz rCorr}
 41349 | Elf:3    | Identified the staff of Nekatut {rF+ Int+3 Tloc Fire}
 41357 | Elf:3    | Got the Tome of Hoarfrost
 41474 | Elf:3    | Bought a masterwork leather armour for 182 gold pieces
 41474 | Elf:3    | Identified the +0 leather armour of the Spheres {MP+9} (You
                  | bought it in a shop on level 3 of the Elven Halls)
 41477 | Elf:3    | Bought an embroidered cloak for 195 gold pieces
 41480 | Elf:3    | Bought an embroidered cloak for 195 gold pieces
 42135 | D:13     | Received a gift from Nemelex Xobeh
 42198 | D:13     | Found a gate to the Vaults.
 42770 | D:13     | Received a gift from Nemelex Xobeh
 43070 | D:13     | Reached skill level 1 in Shields
 43098 | D:13     | Found a basalt altar of Yredelemnul.
 43140 | D:14     | Found Tyenuh's Distillery.
 43190 | D:14     | Bought a potion of heal wounds for 80 gold pieces
 43410 | D:14     | Reached skill level 1 in Fire Magic
 44218 | D:14     | Received a gift from Nemelex Xobeh
 44289 | D:14     | Noticed Rupert
 44304 | D:14     | Killed Rupert
 44628 | D:15     | Entered Level 15 of the Dungeon
 44735 | D:15     | Found a portal to a secret trove of treasure.
 44797 | D:15     | Reached XP level 20. HP: 147/147 MP: 29/34
 44805 | D:15     | Learned a level 7 spell: Ozocubu's Refrigeration
 44845 | D:15     | Reached skill level 5 in Staves
 44990 | D:15     | Found a hide-covered altar of Uskayaw.
 45013 | D:15     | Identified the +0 plate armour of the Oni {Str+4}
 45467 | D:15     | Found a staircase to the Depths.
 45734 | D:15     | Found a gateway to a bazaar.
 45756 | Bazaar   | Entered a bazaar
 45756 | Bazaar   | Found Zaagoom's Book Emporium.
 45756 | Bazaar   | Found Ecicwox's Magic Scroll Emporium.
 45786 | Bazaar   | Found Onum Ema's Distillery.
 45802 | Bazaar   | Found Ase Ysuen's Antique Weapon Boutique.
 45810 | Bazaar   | Found Faixkuw's Distillery.
 45818 | Bazaar   | Bought a potion of lignification for 27 gold pieces
 45818 | Bazaar   | Bought a potion of lignification for 27 gold pieces
 45818 | Bazaar   | Bought a potion of lignification for 27 gold pieces
 46000 | Snake:1  | Entered Level 1 of the Snake Pit
 46017 | Snake:1  | Noticed Louise
 46031 | Snake:1  | Killed Louise
 46118 | Snake:1  | Received a gift from Nemelex Xobeh
 46150 | Snake:1  | Noticed Agnes
 46152 | Snake:1  | Killed Agnes
 46227 | Snake:1  | Noticed Roxanne
 46545 | Snake:1  | Received a gift from Nemelex Xobeh
 46872 | Snake:1  | Noticed Nikola
 46878 | Snake:1  | Killed Nikola
 47168 | Snake:2  | You fall into a shaft and drop 1 floor!
 47178 | Snake:3  | Found Irotu's General Store.
 47182 | Snake:3  | Found Inlah's Armour Emporium.
 47183 | Snake:3  | Found Oloutah's Assorted Antiques.
 47547 | Snake:2  | Found a transporter.
 47556 | Snake:2  | Found the +3 pair of mountain boots {steadfast, rC+}
 47557 | Snake:2  | Received a gift from Nemelex Xobeh
 47627 | Snake:2  | Reached skill level 22 in Ice Magic
 47796 | Snake:2  | Found a runed translucent gate.
 47796 | Snake:2  | Found a runed translucent gate.
 47796 | Snake:2  | Found a runed translucent gate.
 47930 | Snake:2  | Noticed Xuar's ghost (adept DjHW)
 48135 | Snake:2  | Found a shimmering blue altar of Sif Muna.
 48173 | Snake:3  | Reached skill level 5 in Shields
 48364 | Snake:3  | Received a gift from Nemelex Xobeh
 48893 | Snake:4  | Entered Level 4 of the Snake Pit
 48939 | Snake:4  | Received a gift from Nemelex Xobeh
 49143 | Snake:4  | Received a gift from Nemelex Xobeh
 49293 | Snake:4  | Reached XP level 21. HP: 140/153 MP: 16/35
 49812 | Snake:4  | Received a gift from Nemelex Xobeh
 50228 | Snake:4  | Reached skill level 23 in Ice Magic
 50333 | Snake:4  | Got a serpentine rune of Zot
 50571 | Shoals:1 | Entered Level 1 of the Shoals
 50571 | Shoals:1 | Noticed Jorgrun
 50576 | Shoals:1 | Killed Jorgrun
 50757 | Shoals:1 | Received a gift from Nemelex Xobeh
 51387 | Shoals:1 | Found Myatoc's Vocational Training.
 51678 | Shoals:2 | Received a gift from Nemelex Xobeh
 51997 | Shoals:2 | Reached XP level 22. HP: 159/159 MP: 36/36
 52975 | Shoals:3 | Noticed Polyphemus
 52992 | Shoals:3 | Reached XP level 23. HP: 150/165 MP: 21/38
 52994 | Shoals:3 | Killed Polyphemus
 53004 | Shoals:3 | Reached skill level 10 in Shields
 53028 | Shoals:3 | Received a gift from Nemelex Xobeh
 53067 | Shoals:3 | Identified the +0 plate armour of Philately {rPois Regen+
                  | Int-3}
 53284 | Shoals:3 | Identified the +0 helmet "Waoraw" {Contam rF+ rC+++ Int+3}
 53356 | Shoals:3 | Received a gift from Nemelex Xobeh
 53734 | Shoals:3 | Identified the ring of Ragusur {EV+5 Dex+3}
 53735 | Shoals:3 | Identified the +1 leather armour "Moest" {rElec rPois Str-4
                  | Slay+2}
 53845 | Shoals:4 | Entered Level 4 of the Shoals
 53946 | Shoals:4 | Reached skill level 24 in Ice Magic
 53988 | Shoals:4 | Received a gift from Nemelex Xobeh
 54265 | Shoals:4 | Identified the +0 plate armour of Pride {Dex+5}
 54429 | Shoals:4 | Identified the +12 triple sword "Qeoc" {flame, MP+9}
 54865 | Shoals:4 | Got a barnacled rune of Zot
 55301 | Vaults:1 | Entered Level 1 of the Vaults
 55301 | Vaults:1 | Received a gift from Nemelex Xobeh
 55359 | Vaults:1 | Noticed Asterion
 55378 | Vaults:1 | Killed Asterion
 55525 | Vaults:1 | Noticed Saint Roka
 55537 | Vaults:1 | Killed Saint Roka
 55993 | Vaults:1 | Received a gift from Nemelex Xobeh
 56021 | Vaults:1 | Noticed Harhicoo's ghost (adept MiBe)
 56032 | Vaults:1 | Found a transporter.
 56044 | Vaults:1 | Found a transporter.
 56051 | Vaults:1 | Noticed a golden dragon
 56056 | Vaults:1 | Noticed Antoec's ghost (adept VSBr)
 56620 | Vaults:1 | Reached XP level 24. HP: 169/172 MP: 38/39
 56710 | Vaults:1 | Received a gift from Nemelex Xobeh
 57139 | Snake:2  | Found a transporter.
 57225 | Snake:2  | Killed Xuar's ghost
 57244 | Snake:2  | Identified the +6 rapier of Valiance {vamp, rElec rF+
                  | Int+4}
 57261 | Snake:2  | Acquired the Compendium of White Forces
 57273 | Snake:2  | Learned a level 9 spell: Polar Vortex
 58201 | Vaults:2 | Received a gift from Nemelex Xobeh
 58207 | Vaults:2 | Found a staircase to the Crypt.
 58684 | Vaults:2 | Identified the staff "Vuotivvisi" {rPois Dex+3 Poison}
 58895 | Vaults:3 | Noticed Mara
 58899 | Vaults:3 | Noticed Lobster4's illusion
 58901 | Vaults:3 | Killed Mara
 58975 | Vaults:3 | Paralysed by a formless jellyfish for 1 turns
 59069 | Vaults:3 | Received a gift from Nemelex Xobeh
 59077 | Vaults:3 | Found Noujionea's Weapon Shoppe.
 59209 | Vaults:3 | Found Gorirr's Jewellery Shoppe.
 59209 | Vaults:3 | Received a gift from Nemelex Xobeh
 59478 | Vaults:3 | Received a gift from Nemelex Xobeh
 59703 | Vaults:3 | Reached skill level 25 in Ice Magic
 59749 | Vaults:3 | Found Kivvamme's Antique Weapon Emporium.
 60053 | Vaults:3 | Found a transporter.
 60054 | Vaults:3 | Received a gift from Nemelex Xobeh
 60064 | Vaults:3 | Found a transporter.
 60572 | Vaults:4 | Reached XP level 25. HP: 158/177 MP: 34/40
 60630 | Vaults:4 | Received a gift from Nemelex Xobeh
 61413 | Vaults:4 | Received a gift from Nemelex Xobeh
 61844 | Elf:2    | Killed gribnar's ghost
 61855 | Elf:2    | Identified the staff "Haryserud" {rC+ Str+3 Ice}
 62108 | Crypt:1  | Entered Level 1 of the Crypt
 62684 | Crypt:1  | Identified the serpent talisman of Veukut {Dex+2 SInv}
 62684 | Crypt:1  | Noticed Aizul
 62692 | Crypt:1  | Killed Aizul
 63125 | Crypt:2  | Received a gift from Nemelex Xobeh
 63330 | Crypt:2  | Reached skill level 15 in Dodging
 63554 | Depths:1 | Entered Level 1 of the Depths
 63598 | Depths:1 | Found a one-way gateway to a ziggurat.
 63933 | Depths:1 | Found a one-way gate leading to the halls of Pandemonium.
 64090 | Depths:1 | Found a gateway to Hell.
 64091 | Depths:1 | Received a gift from Nemelex Xobeh
 64453 | Depths:1 | Found a runed translucent door.
 64453 | Depths:1 | Noticed Gozikhly's ghost (adept DgIE)
 64489 | Depths:1 | Killed Gozikhly's ghost
 64686 | Depths:1 | Reached skill level 26 in Ice Magic
 65072 | Depths:1 | Reached XP level 26. HP: 173/184 MP: 30/41
 65220 | Depths:1 | Identified the +0 scale mail "Cudolu" {Int+4}
 65501 | Snake:3  | Bought a scroll of enchant armour for 240 gold pieces
 65702 | D:15     | You paid a toll of +4 ice dragon scales to enter a treasure
                  | trove
 65703 | Trove    | Entered a treasure trove
 65706 | Trove    | Identified the amulet of Amaux {Reflect Str+3 Dex+3 SH+5}
 65725 | Trove    | Identified the ring of Muhabixty {rElec rCorr MP+9 Dex+5}
 65933 | Depths:2 | Received a gift from Nemelex Xobeh
 66013 | Depths:2 | Found a snail-covered altar of Cheibriados.
 66318 | Depths:2 | Received a gift from Nemelex Xobeh
 66674 | Depths:2 | Found a one-way gate to the infinite horrors of the Abyss.
 67193 | Depths:3 | Received a gift from Nemelex Xobeh
 67334 | Depths:3 | Noticed Sojobo
 67549 | Depths:3 | Noticed a juggernaut
 67558 | Depths:3 | Killed a juggernaut
 67562 | Depths:3 | Reached skill level 27 in Ice Magic
 67566 | Depths:3 | Noticed a dread lich
 67902 | Depths:3 | Killed a dread lich
 68360 | Depths:3 | Killed Sojobo
 68431 | Depths:3 | Reached XP level 27. HP: 191/191 MP: 31/41
 68661 | Depths:3 | Learned a level 6 spell: Bombard
 68879 | Depths:4 | Entered Level 4 of the Depths
 68879 | Depths:4 | Received a gift from Nemelex Xobeh
 69699 | Depths:4 | Found a gate to the Realm of Zot.
 70011 | Depths:4 | Received a gift from Nemelex Xobeh
 70022 | Depths:4 | Found an iron altar of Okawaru.
 70204 | Depths:4 | Reached skill level 15 in Short Blades
 70832 | Orc:2    | Bought a manual of Invocations for 1120 gold pieces
 71143 | Vaults:5 | Entered Level 5 of the Vaults
 71149 | Vaults:5 | Noticed an ancient lich
 71150 | Vaults:5 | Noticed a dread lich
 71196 | Vaults:5 | Killed an ancient lich
 71198 | Vaults:5 | Reached skill level 10 in Conjurations
 71198 | Vaults:5 | Noticed an ancient lich
 71202 | Vaults:4 | Killed a dread lich
 71247 | Vaults:5 | Killed an ancient lich
 71248 | Vaults:5 | Reached skill level 5 in Earth Magic
 71308 | Vaults:5 | Noticed Boris
 71330 | Vaults:5 | Noticed an ancient lich
 71335 | Vaults:5 | Killed an ancient lich
 71336 | Vaults:5 | Reached skill level 15 in Invocations
 71517 | Vaults:5 | Received a gift from Nemelex Xobeh
 71629 | Vaults:5 | Identified the +0 cloak of Focus {+Inv rF+ rC+}
 71711 | Vaults:5 | Identified the +10 hand axe of the Hero {flame, +Blink
                  | Int+4 Stlth+}
 71711 | Vaults:5 | Noticed Frederick
 71715 | Vaults:5 | Reached skill level 15 in Spellcasting
 71752 | Vaults:5 | Killed Frederick
 72043 | Vaults:5 | Received a gift from Nemelex Xobeh
 72245 | Vaults:5 | Killed Boris
 72323 | Vaults:5 | Got a silver rune of Zot
 72398 | Vaults:5 | Identified the +6 hand axe "Xaifimuts" {venom, +Blink SInv}
 72552 | Vaults:5 | Identified the +0 shortbow "Haudolad" {speed, Contam rPois
                  | rF- rCorr}
 72938 | Vaults:5 | Received a gift from Nemelex Xobeh
 73360 | Zot:1    | Entered Level 1 of the Realm of Zot
 73742 | Slime:1  | Entered Level 1 of the Pits of Slime
 74477 | Slime:3  | Received a gift from Nemelex Xobeh
 74994 | Slime:4  | Received a gift from Nemelex Xobeh
 75014 | Slime:3  | Noticed Dissolution
 75024 | Slime:3  | Killed Dissolution
 75210 | Slime:2  | Paralysed by a formless jellyfish for 1 turns
 75375 | Slime:4  | Received a gift from Nemelex Xobeh
 75626 | Slime:5  | Entered Level 5 of the Pits of Slime
 75756 | Slime:5  | Received a gift from Nemelex Xobeh
 75869 | Slime:5  | Found a viscous altar of Jiyva.
 76133 | Slime:5  | Noticed the Royal Jelly
 76141 | Slime:5  | Killed the Royal Jelly
 76235 | Slime:5  | Identified the +0 battleaxe of a Billion Continents
                  | {protect, *Noise Int+3 Stlth+}
 76250 | Slime:5  | Got the Tractate on the Maledictive Crypt
 76253 | Slime:5  | Got a slimy rune of Zot
 76270 | Slime:5  | Identified the +8 spear of Vekh {freeze, +Blink rPois rC-
                  | Dex+5}
 76272 | Slime:5  | Identified the ring "Exkil" {Fly EV+5}
 76283 | Slime:5  | Identified the +2 halberd "Rajoillo" {elec, rElec rPois
                  | Int+4 Dex-5 Stlth+}
 76311 | Slime:5  | Identified the +5 storm dragon scales of the Ancient
                  | Violins {Harm rElec rN+ Will+ Dex+3}
 76457 | Slime:5  | Identified the +11 trident of the Enchanting Eel {flame,
                  | *Slow rN+ rCorr Str+4}
 76580 | Slime:4  | Received a gift from Nemelex Xobeh
 77857 | Crypt:2  | Received a gift from Nemelex Xobeh
 78331 | Crypt:3  | Entered Level 3 of the Crypt
 78624 | Crypt:3  | Found a staircase to the Tomb.
 79244 | Crypt:3  | Found an ancient bone altar of Kikubaaqudgha.
 79244 | Crypt:3  | Noticed an ancient lich
 79250 | Crypt:3  | Killed an ancient lich
 79652 | Crypt:3  | Received a gift from Nemelex Xobeh
 80539 | Tomb:1   | Entered Level 1 of the Tomb of the Ancients
 80576 | Tomb:1   | Received a gift from Nemelex Xobeh
 81048 | Tomb:1   | Noticed a royal mummy
 81060 | Tomb:1   | Killed a royal mummy
 81104 | Tomb:1   | Noticed a royal mummy
 81114 | Tomb:1   | Killed a royal mummy
 81115 | Tomb:1   | Reached skill level 10 in Earth Magic
 81223 | Tomb:1   | Received a gift from Nemelex Xobeh
 82818 | Snake:1  | Killed Roxanne
 83262 | Vaults:1 | Killed Antoec's ghost
 83264 | Vaults:1 | Killed Harhicoo's ghost
 83541 | Vaults:3 | Identified the amulet of Ephemeral Luck {RegenMP +Inv
                  | Dex+3}
 83886 | Zot:1    | Acquired 580 gold pieces
 84261 | Zot:1    | Received a gift from Nemelex Xobeh
 84853 | Zot:2    | Received a gift from Nemelex Xobeh
 85696 | Zot:3    | Received a gift from Nemelex Xobeh
 85897 | Zot:4    | Noticed a Killer Klown
 85946 | Zot:4    | Killed a Killer Klown
 86221 | Zot:4    | Reached skill level 15 in Conjurations
 86313 | Zot:4    | Received a gift from Nemelex Xobeh
 87467 | Zot:4    | Received a gift from Nemelex Xobeh
 87730 | Zot:5    | Entered Level 5 of the Realm of Zot
 87730 | Zot:5    | Found a runed translucent door.
 87731 | Zot:5    | Noticed dialectric's ghost (veteran MiFi)
 87958 | Zot:5    | Killed dialectric's ghost
 88265 | Zot:5    | Noticed a Killer Klown
 88271 | Zot:5    | Killed a Killer Klown
 89221 | Snake:3  | Bought a scroll of noise for 32 gold pieces
 89221 | Snake:3  | Bought a potion of ambrosia for 256 gold pieces
 89221 | Snake:3  | Bought a potion of might for 128 gold pieces
 89221 | Snake:3  | Bought a potion of invisibility for 256 gold pieces
 89225 | Snake:3  | Bought a potion of resistance for 150 gold pieces
 89225 | Snake:3  | Bought a scroll of revelation for 112 gold pieces
 89225 | Snake:3  | Bought a potion of heal wounds for 75 gold pieces
 89376 | D:14     | Bought a potion of haste for 160 gold pieces
 89376 | D:14     | Bought a potion of magic for 128 gold pieces
 89376 | D:14     | Bought a potion of enlightenment for 80 gold pieces
 89376 | D:14     | Bought a potion of enlightenment for 80 gold pieces
 89777 | Zot:5    | Noticed a dread lich
 89784 | Zot:5    | Killed a dread lich
 90117 | Zot:5    | Noticed an orb of fire
 90127 | Zot:5    | Gained mutation: You are dopey. (Int -2) [an orb of fire]
 90131 | Zot:5    | Gained mutation: You are very dopey. (Int -4) [an orb of
                  | fire]
 90132 | Zot:5    | Killed an orb of fire
 90292 | Zot:5    | Noticed an orb of fire
 90299 | Zot:5    | Killed an orb of fire
 90456 | Zot:5    | Noticed a Killer Klown
 90478 | Zot:5    | Noticed a Killer Klown
 90481 | Zot:5    | a Killer Klown changed into a frost giant
 90520 | Zot:5    | Noticed an orb of fire
 90529 | Zot:5    | Gained mutation: You are clumsy. (Dex -2) [an orb of fire]
 90531 | Zot:5    | Killed an orb of fire
 90561 | Zot:5    | Killed a Killer Klown
 90696 | Zot:5    | Noticed a dread lich
 90710 | Zot:5    | Killed a dread lich
 90791 | Zot:5    | Noticed an ancient lich
 90801 | Zot:5    | Killed an ancient lich
 91007 | Zot:5    | Noticed a dread lich
 91014 | Zot:5    | Killed a dread lich
 91296 | Zot:5    | Noticed a Killer Klown
 91299 | Zot:5    | Noticed an orb of fire
 91300 | Zot:5    | Noticed a Killer Klown
 91304 | Zot:5    | Killed a Killer Klown
 91308 | Zot:5    | Noticed a dread lich
 91310 | Zot:5    | Gained mutation: Your body sometimes deteriorates upon
                  | taking damage. [an orb of fire]
 91312 | Zot:5    | Killed an orb of fire
 91313 | Zot:5    | Killed a Killer Klown
 91320 | Zot:5    | Killed a dread lich
 91324 | Zot:5    | Noticed an ancient lich
 91328 | Zot:5    | Killed an ancient lich
 91814 | Depths:3 | Voluntarily entered the Abyss.
 91820 | Abyss:1  | Found a corrupted altar of Lugonu.
 91821 | Abyss:1  | Found a corrupted altar of Lugonu.
 91827 | Abyss:2  | Received a gift from Nemelex Xobeh
 91909 | Abyss:2  | Noticed a dread lich
 91915 | Abyss:2  | Killed a dread lich
 91960 | Abyss:2  | Found a corrupted altar of Lugonu.
 91972 | Abyss:3  | Found a corrupted altar of Lugonu.
 92075 | Abyss:4  | Noticed an ancient lich
 92087 | Abyss:4  | Killed an ancient lich
 92101 | Abyss:4  | Received a gift from Nemelex Xobeh
 92518 | Abyss:4  | Received a gift from Nemelex Xobeh
 92637 | Abyss:4  | Gained mutation: You occasionally lose the ability to drink
                  | potions when taking damage. [a neqoxec]
 92638 | Abyss:4  | Got an abyssal rune of Zot
 92652 | Abyss:4  | Identified the +5 demon trident of Untruth {venom, Int+3
                  | Dex+4}
 92697 | Depths:3 | Escaped the Abyss
 92707 | Depths:3 | Lost mutation: You occasionally lose the ability to drink
                  | potions when taking damage. [potion of mutation]
 92707 | Depths:3 | Lost mutation: You are very dopey. (Int -4) [potion of
                  | mutation]
 92707 | Depths:3 | Gained mutation: You sometimes lose your temper in combat.
                  | [potion of mutation]
 92707 | Depths:3 | Lost mutation: You sometimes lose your temper in combat.
                  | [potion of mutation]
 92707 | Depths:3 | Gained mutation: You have a pair of small antennae on your
                  | head. [potion of mutation]
 92707 | Depths:3 | Gained mutation: You have supernaturally acute eyesight.
                  | (SInv) [potion of mutation]
 93154 | Tomb:2   | Noticed a royal mummy
 93154 | Tomb:2   | Noticed a royal mummy
 93155 | Tomb:2   | Noticed a royal mummy
 93155 | Tomb:2   | Noticed a royal mummy
 93180 | Tomb:1   | Killed a royal mummy
 93279 | Tomb:2   | Killed a royal mummy
 93280 | Tomb:2   | Killed a royal mummy
 93285 | Tomb:2   | Killed a royal mummy
 93660 | Tomb:1   | Noticed a royal mummy
 93660 | Tomb:1   | Noticed a royal mummy
 93661 | Tomb:1   | Noticed a royal mummy
 93662 | Tomb:1   | Noticed a royal mummy
 93666 | Tomb:1   | Noticed a royal mummy
 93672 | Tomb:1   | Noticed a royal mummy
 93673 | Tomb:1   | Noticed a royal mummy
 93674 | Tomb:1   | Noticed a royal mummy
 93676 | Tomb:1   | Killed from afar by a royal mummy

Illustrated notes

Levels and vault maps discovered:
D:1:      minmay_arrival_jagged, layout_basic
D:2:      layout_rooms, nicolae_houndstooth_variations, uniq_sigmund
D:3:      layout_basic
D:4:      layout_loops_ring, minmay_puff
D:5:      cheibrodos_quashed, layout_loops_ring, zin_treasury,
          lemuel_doored_altar, kennysheep_small_spiral
D:6:      layout_loops_ring, serial_shops, nicolae_shop_gaudy_bauble, shop,
          minivault_10
D:7:      layout_loops_ring, minmay_temple_entry_statues_fountains,
          kennysheep_generic_room_15
D:8:      layout_loops_corners, minmay_overflow_temple_star_quad, uniq_jeremiah,
          uniq_grum
D:9:      layout_grid_maze, nicolae_qazlal_style_of_elements, serial_shops,
          kennysheep_mini, gammafunk_ghost_cemetery, minmay_protected_statue,
          uniq_joseph
D:10:     layout_big_octagon, worldfamousw_hep_ancestral_shrine,
          mainiacjoe_overflow_chevrons, serial_ice, serial_ice_e, serial_ice_b,
          serial_ice_l, serial_ice_n, serial_ice_o, serial_ice_a, serial_ice_m,
          uniq_erica, uniq_fannar, uniq_snorg
D:11:     layout_irregular_city, david_lair_generic, minmay_between
D:12:     layout_long_grid, minmay_orc_entry_temple_small, amethyst_killhole,
          nicolae_letterblocks [nicolae_letter_subblock,
          nicolae_letter_subblock, nicolae_letter_subblock,
          nicolae_letter_subblock, nicolae_letter_subblock,
          nicolae_letter_subblock, nicolae_letter_subblock,
          nicolae_letter_subblock, nicolae_letter_subblock,
          nicolae_letter_subblock, nicolae_letter_subblock,
          nicolae_letter_subblock, nicolae_letter_subblock,
          nicolae_letter_subblock, nicolae_letter_subblock,
          nicolae_letter_subblock, nicolae_letter_subblock,
          nicolae_letter_subblock, nicolae_letter_subblock,
          nicolae_letter_subblock, nicolae_letter_subblock,
          nicolae_letter_subblock, nicolae_letter_subblock,
          nicolae_letter_subblock, nicolae_letter_subblock], uniq_kirke,
          uniq_azrael
D:13:     layout_rooms, hellmonk_vaults_attempted_burglary,
          serial_co_window_serial, co_window_paths_a,
          co_window_of_opportunity_a, co_window_corner_a, co_window_paths_b,
          co_window_paths_b, co_window_corner_a, co_window_paths_a,
          co_window_corner_cb, co_window_cross_2, co_window_paths_c,
          glass_columns_b, glass_columns_b, glass_columns_a, glass_columns_a,
          lemuel_zombie_altar_yredelemnul
D:14:     layout_cave_pods, serial_shops, shop_statue, uniq_rupert
D:15:     hangedman_depths_entry_try_elsewhere_first, layout_layer_cave,
          nicolae_trove_entry_isolated, nicolae_uskayaw_dance_hall,
          serial_shops, statue_bzr
Temple:   nicolae_temple_superstar
Lair:1:   layout_small_grid, uniq_maggie
Lair:2:   layout_cave_pods, elwin_shoals_entry_stream,
          minmay_snake_entry_guardpost_small
Lair:3:   layout_roguey [special_room_mythical_zoo], special_room
          [special_room_bee], grunt_megastairs_2
Lair:4:   dreamdust_cave_troll, layout_layer_cave, slime_entry_1,
          grunt_megastairs_3
Lair:5:   evilmike_catoblepas_cave, layout_big_grid, grunt_megastairs_4
Shoals:1: layout_shoals, nicolae_shop_vocational, uniq_jorgrun
Shoals:2: layout_shoals
Shoals:3: layout_shoals, nicolae_shoals_this_corrosion, uniq_polyphemus
Shoals:4: shoals_end_grunt_ice, layout_shoals, yaktaur_hedge
Snake:1:  layout_onion_interference, uniq_agnes, uniq_louise, uniq_roxanne,
          uniq_nikola
Snake:2:  gammafunk_sealed_library, layout_gridlike, gammafunk_ghost_necromancy,
          corexii_hall_statues_x
Snake:3:  layout_cave_town, minmay_shop_star
Snake:4:  grunt_snake_rune_pools, layout_cave_town,
          serial_library_hellmonk_secret_room, grunt_megastairs_5
Slime:1:  layout_caves
Slime:2:  layout_caves
Slime:3:  layout_caves, nicolae_slime_round_cave, uniq_dissolution
Slime:4:  layout_caves
Slime:5:  slime_pit_nicolae_jellycorners
Orc:1:    cheibrodos_orc_guarddog, layout_caves, serial_shops, shop, shop,
          nicolae_shop_waterfront, nicolae_shop_advertising_works
          [nicolae_subvault_shop_adworks], portal_ice_cave_demonic_guard,
          special_room [special_room_orc], uniq_harold
Orc:2:    kennysheep_orc_mage_school, layout_diamond_mine
Elf:1:    nicolae_elf_arrival_aired_out, layout_gridlike,
          portal_desolation_entry_nicolae_slug, evilmike_minifort,
          minmay_shop_grove
Elf:2:    elven_hall_of_blades_hangedman_alternative [nicolae_blade_tridents],
          layout_onion_city, gammafunk_ghost_wrathful_warriors, serial_shops,
          nicolae_shop_gibbet_a_chance
Elf:3:    minmay_elf_hall_four_x, layout_geoelf_diagonals, serial_shops, shop
Vaults:1: nzn_ghost_randoct, v_misc_31, vaults_room_semicircle,
          nicolae_vaults_storage_room_statues, grunt_vaults_twisty,
          ontoclasm_vaults_idyll, nicolae_vaults_little_squares_1,
          nicolae_vaults_turnstiles, hangedman_vaults_pinch,
          nicolae_vaults_tetromino_L_2, nicolae_vaults_heart-shaped_vault,
          v_pattern_3, vaults_room_pools, layout_vaults_omnibox, uniq_asterion,
          uniq_saint_roka
Vaults:2: ontoclasm_vaults_bender, minmay_crypt_entry_simple_plaza,
          nicolae_vaults_trapezoid_lopsided_1, nicolae_vaults_mush_room,
          nicolae_vaults_alarming, nicolae_vaults_hexular_roomagon,
          nicolae_vaults_variable_pillar_hall, nicolae_vaults_closet_pinwheel_3,
          nicolae_vaults_six-pack, layout_vaults_big_room
Vaults:3: ontoclasm_vaults_twist, vaults_standard_mumra_enter_the_diamond,
          ontoclasm_vaults_eye, vaults_mumra_minichess,
          hangedman_vaults_corner_blocks, gammafunk_sealed_arena,
          nicolae_vaults_windows_and_doors_thing, nicolae_vaults_wine_cellar,
          nicolae_vaults_asterisk, nicolae_vaults_weapon_check,
          nicolae_vaults_tetromino_T_2, nicolae_vaults_storage_room_glass,
          layout_vaults_omnicross, serial_shops, shop,
          nicolae_shop_bloodbath_and_beyond, nicolae_shop_tiny_glass, uniq_mara
Vaults:4: nicolae_vaults_house_1, nicolae_vaults_big_ls, vaults_dpeg_hooks,
          nicolae_vaults_six-pack, nicolae_vaults_circle_grid_b,
          nicolae_vaults_network_periphery, ontoclasm_vaults_gateway,
          layout_vaults_omnigrid
Vaults:5: serial_shops, uniq_frederick, uniq_boris
Crypt:1:  layout_chaotic_city, uniq_aizul
Crypt:2:  layout_catacombs, grunt_megastairs_1
Crypt:3:  cryptofortress_bobbens
Tomb:1
Tomb:2
Depths:1: minmay_the_grid_3x2 [minmay_the_grid_minigrid_large,
          minmay_the_grid_large_cup, minmay_the_grid_all_tris,
          minmay_the_grid_paths, minmay_the_grid_pillar_ring,
          minmay_the_grid_prize_big_room], layout_honeycomb, enter_ziggurat_d,
          rand_demon_pan_entry_8, ebering_ghost_inner_flame, hell_entry,
          nicolae_titane
Depths:2: nicolae_cairo_tiling, layout_cave_pools, minmay_room_of_horrors,
          minmay_misc_feat_columns, grunt_pan_entry_sceptre,
          hangedman_coc_ice_floe, hangedman_decor_push, st_stairs_12,
          grunt_ministairs_2, slow_altar_1, serial_bayou_shore_b
Depths:3: nicolae_fronds_of_death, layout_honeycomb, serial_sigils,
          serial_sigils_hangedman_gnaw, serial_sigils_hangedman_leer,
          serial_sigils_hangedman_confine, serial_sigils_hangedman_snap,
          hangedman_abyss_entry_splay, hell_entry, infiniplex_staircase_spiral,
          uniq_sojobo
Depths:4: evilmike_zot_entry_diamond, layout_honeycomb, grunt_metal_band,
          okawaru_ov_weapons_minmay, uniq_margery
Zot:1:    layout_misc_corridors, uniq_grunn
Zot:2:    layout_misc_corridors, hangedman_zot_diagonal_lockstep
Zot:3:    layout_onion_interference
Zot:4:    infiniplex_zot_generator, layout_basic
Zot:5:    layout_misc_corridors, hellmonk_ghost_big_iron, grunt_ministairs_14

Skill      XL: |  1  2  3  4  5  6  7  8  9 10 11 12 13 14 15 16 17 18 19 20 21 22 23 24 25 26 27 |
---------------+----------------------------------------------------------------------------------+-----
Fighting       | 1 2 3 5 6 7 8 9 10 13 | 13.6
Armour         | 1 2 3 4 5 6 7 8 |  8.0
Ice Magic      | 5 6 7 8 10 12 14 15 16 17 18 19 20 21 22 23 24 25 26 27 | 27.0
Spellcasting   | 3 4 5 6 7 8 9 10 11 12 13 14 21 | 21.3
Evocations     | 2 3 4 |  4.0
Short Blades   | 1 4 5 6 7 8 9 10 11 12 13 14 16 | 16.0
Dodging        | 3 4 5 6 8 9 10 11 13 15 17 20 | 20.0
Invocations    | 3 4 5 7 8 9 10 11 12 13 20 | 20.0
Throwing       | 1 |  1.0
Conjurations   | 1 3 5 6 7 8 19 | 19.7
Earth Magic    | 3 12 | 12.6
Staves         | 2 4 6 7 |  7.0
Summonings     | 3 5 |  5.0
Translocations | 2 3 |  3.0
Air Magic      | 1 3 |  3.0
Necromancy     | 1 3 |  3.0
Shields        | 2 6 9 11 12 14 | 14.0
Fire Magic     | 2 4 |  4.0
Stealth        | |  2.0

Action                     |  1- 3 |  4- 6 |  7- 9 | 10-12 | 13-15 | 16-18 | 19-21 | 22-24 | 25-27 || total
---------------------------+-------+-------+-------+-------+-------+-------+-------+-------+-------++-------
  Melee: Hand axe          |    21 |    46 |    48 |       |       |       |       |       |       ||   115
         Unarmed           |     1 |       |       |       |       |       |       |       |       ||     1
         Punch             |       |     1 |     1 |     5 |     9 |     4 |     3 |       |       ||    23
         Rapier            |       |       |    90 |   266 |   483 |   266 |    50 |    80 |   520 ||  1755
         Long sword        |       |       |    14 |       |       |       |       |       |       ||    14
         Staff             |       |       |       |       |    82 |     2 |    67 |    63 |    92 ||   306
   Fire: Sling             |    33 |     2 |       |       |       |       |       |       |       ||    35
  Throw: Boomerang         |       |       |    22 |    21 |       |       |       |       |       ||    43
         Javelin           |       |       |     2 |     6 |       |       |       |       |       ||     8
         Dart              |       |       |       |    76 |    27 |       |     1 |       |       ||   104
   Cast: Freeze            |    12 |    21 |       |    63 |    59 |   155 |    84 |    40 |    24 ||   458
         Ozocubu's Armour  |       |     3 |    26 |    47 |   103 |    84 |    77 |    45 |    94 ||   479
         Frozen Ramparts   |       |     3 |    27 |    35 |   107 |    92 |    79 |    51 |    88 ||   482
         Summon Ice Beast  |       |       |       |    38 |   102 |   141 |   140 |    85 |    92 ||   598
         Stone Arrow       |       |       |       |       |    12 |   259 |   177 |   142 |   434 ||  1024
         Blink             |       |       |       |       |     1 |     3 |       |       |       ||     4
         Apportation       |       |       |       |       |       |     8 |     1 |     2 |     2 ||    13
         Freezing Cloud    |       |       |       |       |       |    33 |   137 |    89 |   107 ||   366
         Hailstorm         |       |       |       |       |       |    13 |       |    12 |     7 ||    32
         Metabolic Englaci |       |       |       |       |       |    11 |    32 |     2 |     7 ||    52
         Ensorcelled Hiber |       |       |       |       |       |     4 |       |       |       ||     4
         Ozocubu's Refrige |       |       |       |       |       |       |    87 |   106 |   171 ||   364
         Polar Vortex      |       |       |       |       |       |       |       |     7 |   211 ||   218
         Bombard           |       |       |       |       |       |       |       |       |   541 ||   541
 Invoke: Draw Destruction  |       |       |       |     4 |    23 |    18 |     5 |     7 |    25 ||    82
         Draw Escape       |       |       |       |     1 |     3 |     7 |       |       |     2 ||    13
         Draw Summoning    |       |       |       |     1 |     6 |    10 |     4 |     5 |     3 ||    29
         Stack Five        |       |       |       |       |       |       |       |     1 |     1 ||     2
         Draw Stack        |       |       |       |       |       |       |       |       |     8 ||     8
  Evoke: Wand              |       |       |     4 |    17 |     2 |       |     1 |       |     8 ||    32
         Lightning rod     |       |       |       |       |       |       |       |       |     8 ||     8
    Use: Scroll            |     6 |     1 |       |     9 |    19 |    16 |     7 |     1 |    28 ||    87
         Potion            |     1 |     1 |       |       |     3 |    15 |     3 |       |    28 ||    51
   Stab: Sleeping          |     2 |     6 |     3 |     6 |     2 |     8 |     1 |       |     3 ||    31
         Distracted        |       |       |       |     1 |     9 |       |     1 |     3 |     8 ||    22
 Armour: Robe              |    36 |    39 |    59 |   353 |   577 |   537 |   335 |   188 |   984 ||  3108
         Skin              |     6 |     7 |       |       |       |       |       |       |    62 ||    75
         Leather armour    |       |       |   116 |    83 |       |       |       |       |       ||   199
  Dodge: Dodged            |    46 |    33 |   114 |   354 |   680 |   612 |   378 |   194 |  1172 ||  3583
  Block: Other             |       |       |       |       |       |     1 |       |       |       ||     1
         Buckler           |       |       |       |       |       |       |    86 |       |       ||    86
         Kite shield       |       |       |       |       |       |       |    48 |   273 |  1322 ||  1643
         Reflection        |       |       |       |       |       |       |    15 |    55 |    65 ||   135

Table legend: (Time is in decaauts)
 A = Elapsed time spent in this place.
 B = Non-inter-level travel time spent in this place.
 C = Inter-level travel time spent in this place.
 D = Time resting spent in this place.
 E = Time spent auto-exploring this place.
 F = Levels seen in this place.
 G = Mean time per level.
                   A        B        C        D        E       F      G
               +--------+--------+--------+--------+--------+-----+--------+
         Total |  93936 |  80754 |  13182 |  17560 |  37465 |  66 | 1423.3 |
       Dungeon |  21497 |  17250 |   4247 |   2501 |  10412 |  15 | 1433.1 |
        Temple |     10 |     10 |      0 |      0 |      9 |   1 |   10.0 |
          Lair |   9511 |   8373 |   1138 |   1529 |   5194 |   5 | 1902.2 |
        Shoals |   4785 |   4564 |    221 |    724 |   2220 |   4 | 1196.2 |
     Snake Pit |   5328 |   4519 |    809 |    431 |   2807 |   4 | 1332.0 |
    Slime Pits |   2960 |   2634 |    326 |    419 |   1633 |   5 |  592.0 |
  Orcish Mines |   3793 |   2467 |   1326 |    353 |    871 |   2 | 1896.5 |
   Elven Halls |  10490 |   9382 |   1108 |   4547 |   1587 |   3 | 3496.7 |
        Vaults |   9111 |   7721 |   1390 |   1138 |   4274 |   5 | 1822.2 |
         Crypt |   4960 |   4481 |    479 |    803 |   2161 |   3 | 1653.3 |
          Tomb |   1790 |   1419 |    371 |    343 |    429 |   2 |  895.0 |
        Depths |   7153 |   5879 |   1274 |    786 |   3244 |   4 | 1788.2 |
           Zot |   6856 |   6367 |    489 |   1633 |   2077 |   5 | 1371.2 |
         Abyss |    879 |    879 |      0 |     48 |    167 |   4 |  219.8 |
        Bazaar |     76 |     76 |      0 |      0 |     57 |   1 |   76.0 |
         Trove |     28 |     28 |      0 |      0 |      0 |   1 |   28.0 |
      Ice Cave |   1670 |   1670 |      0 |    698 |    205 |   1 | 1670.0 |
    Desolation |   3030 |   3030 |      0 |   1605 |    117 |   1 | 3030.0 |
               +--------+--------+--------+--------+--------+-----+--------+

Top non-repeatable levels by time:
   Elf:2: 3825 daAuts
   Elf:1: 3431 daAuts
   Elf:3: 3233 daAuts
Desolation: 3030 daAuts
    D:11: 3004 daAuts
   Zot:5: 2537 daAuts
  Lair:2: 2462 daAuts
  Lair:4: 2389 daAuts
 Crypt:3: 2154 daAuts
Depths:1: 2082 daAuts
Depths:3: 2068 daAuts
  Lair:5: 2056 daAuts
     D:9: 2049 daAuts
Vaults:1: 2042 daAuts
   Orc:2: 2012 daAuts
